Map: Glittering Ashes LE

Players

SaMsonOD - Winner!

  • Race: Terran Terran
  • League: Diamond
  • Spawn Location: 1:00

Golozo

  • Race: Protoss Protoss
  • League: Diamond
  • Spawn Location: 7:00

VOD

Have the link to the VOD?

Description

Time

  • Played on: July 9, 2022, 5:32 p.m.
  • Length: 27:57
Show
View Real Time Build Order
Export as new Build Order

SaMsonOD Terran - Winner!

Build Orders: 1/1/1, Banshee Rush 

Get SALT Encoding   

  12  0:00  SCV  
  13  0:12  SCV  
  14  0:17  Supply Depot  
  14  0:24  SCV  
  14  0:27  Refinery  
  15  0:38  SCV  
  16  0:44  Barracks  
  16  0:50  SCV  
  17  1:03  SCV  
  18  1:15  SCV  
  19  1:30  Orbital Command, Marine  
  19  1:32  Factory  
  20  1:37  Refinery  
  20  1:39  Supply Depot  
  20  1:51  Marine  
  21  1:57  SCV  
  22  2:09  SCV  
  22  2:12  Barracks Reactor  
  23  2:17  Starport, Hellion  
  23  2:21  SCV  
  26  2:32  Supply Depot  
  26  2:35  SCV  
  27  2:38  Factory Tech Lab  
  27  2:47  SCV  
  27  2:50  Marine  
  27  2:51  Marine  
  29  3:00  Supply Depot  
  29  3:02  SCV  
  29  3:03  Cloaking Field  
  29  3:04  Banshee  
  33  3:14  SCV  
  34  3:32  Command Center  
  34  3:33  SCV  
  35  3:38  Supply Depot  
  35  3:45  SCV  
  35  3:46  Factory Tech Lab  
  36  3:51  Banshee  
  39  3:57  SCV  
  40  4:06  Cyclone  
  40  4:09  SCV  
  44  4:22  SCV  
  45  4:36  SCV  
  46  4:41  Cyclone  
  46  4:42  Command Center  
  46  4:43  Engineering Bay  
  46  4:44  Raven  
  51  4:50  Orbital Command  
  51  4:52  SCV  
  52  5:04  SCV  
  52  5:06  Factory  
  53  5:10  Orbital Command  
  53  5:17  SCV  
  53  5:18  Refinery  
  53  5:19  Refinery  
  57  5:28  Cyclone  
  57  5:30  Banshee  
  57  5:34  SCV  
  61  5:38  Missile Turret  
  61  5:40  SCV  
  62  5:46  SCV  
  63  5:52  SCV  
  63  5:54  Orbital Command  
  64  5:58  SCV  
  65  6:04  SCV  
  65  6:09  Cyclone, Hellion x2  
  65  6:11  Mag-Field Accelerator  
  73  6:15  Armory  
  73  6:16  SCV  
  73  6:17  SCV  
  75  6:24  SCV  
  76  6:27  Banshee  
  76  6:29  SCV x2  
  76  6:32  Factory  
  81  6:34  Missile Turret  
  81  6:37  Hellion  
  81  6:38  Hellion  
  85  6:42  Supply Depot  
  85  6:44  Supply Depot  
  85  7:00  Factory  
  85  7:02  Factory  
  85  7:04  Cyclone, SCV x2  
  85  7:06  Terran Vehicle Weapons Level 1, Supply Depot  
  85  7:08  Hellion x2  
  94  7:11  Orbital Command  
  94  7:16  SCV  
  94  7:17  SCV  
  94  7:29  Missile Turret, SCV x2  
  95  7:30  Refinery  
  95  7:35  Refinery  
  95  7:36  Banshee, Supply Depot  
  97  7:40  Hellion x2  
  97  7:41  Cyclone  
  104  7:44  Factory Tech Lab  
  104  7:48  SCV x3  
  107  7:59  Factory Tech Lab  
  107  8:02  Hellion x2  
  107  8:04  SCV x2  
  113  8:07  Cyclone  
  113  8:12  SCV  
  117  8:19  Missile Turret  
  117  8:22  Factory Reactor  
  117  8:28  Supply Depot  
  117  8:30  Supply Depot  
  117  8:31  Supply Depot x2  
  117  8:34  Supply Depot  
  117  8:38  Cyclone x2, SCV  
  124  8:42  Factory  
  124  8:45  Factory  
  124  8:46  SCV  
  125  8:50  SCV  
  125  8:54  Command Center  
  125  8:55  SCV  
  127  8:58  Hellion x2  
  127  9:01  Cyclone  
  134  9:09  Hellion x2  
  138  9:12  Terran Vehicle Weapons Level 2  
  138  9:14  SCV x2  
  138  9:15  SCV  
  141  9:27  Infernal Pre-Igniter  
  139  9:32  Cyclone, Hellion x4  
  139  9:35  Banshee  
  139  9:36  Factory Tech Lab  
  139  9:38  Factory Tech Lab  
  153  9:42  SCV x3  
  156  9:48  Cyclone x2  
  162  10:00  Supply Depot  
  162  10:01  Supply Depot  
  162  10:02  Cyclone  
  162  10:05  Cyclone x2  
  171  10:12  Hellion x4  
  179  10:20  Hyperflight Rotors  
  179  10:21  Banshee  
  179  10:22  Supply Depot  
  179  10:23  Supply Depot  
  118  11:07  Banshee  
  118  11:08  Cyclone x5  
  118  11:09  Hellion x3  
  118  11:10  Hellion  
  118  11:11  Planetary Fortress  
  140  11:14  SCV  
  140  11:15  SCV x2  
  143  11:23  Armory  
  143  11:28  Terran Vehicle And Ship Armor Level 1, SCV x3  
  148  11:32  Missile Turret  
  148  11:33  Missile Turret, Hellion x4  
  154  11:41  Hi-Sec Auto Tracking  
  154  11:47  Command Center  
  154  11:52  Command Center  
  154  11:55  SCV x3, Refinery  
  154  11:56  Refinery  
  157  12:06  Thor  
  157  12:08  Thor  
  163  12:14  Thor  
  175  12:16  SCV x3  
  178  12:24  Thor  
  178  12:26  Thor  
  178  12:28  Banshee  
  193  12:32  Terran Vehicle Weapons Level 3  
  193  12:38  Neosteel Armor  
  193  12:45  Command Center  
  193  12:51  Missile Turret  
  193  13:03  Siege Tank x2  
  199  13:14  Planetary Fortress  
  199  13:19  Missile Turret  
  197  13:20  Refinery  
  197  13:21  Command Center  
  197  13:23  Raven  
  199  13:28  Planetary Fortress  
  199  13:34  Missile Turret  
  199  13:35  Missile Turret  
  199  13:57  Missile Turret  
  199  14:13  Command Center  
  101  14:57  Siege Tank x4  
  101  14:58  Siege Tank, Hellion  
  101  14:59  Banshee, Hellion x3  
  127  15:07  Refinery  
  127  15:08  Planetary Fortress  
  127  15:14  Missile Turret  
  127  15:15  Orbital Command  
  114  15:42  Raven  
  89  15:56  Thor x4  
  89  15:57  Thor  
  112  15:58  Hellion x4  
  126  16:05  Missile Turret  
  126  16:07  Missile Turret  
  126  16:08  SCV x4  
  130  16:19  Hellion x3  
  130  16:20  SCV x4, Hellion  
  130  16:25  Raven  
  144  16:36  SCV  
  145  16:40  SCV  
  146  16:47  Planetary Fortress  
  146  16:48  SCV  
  146  16:52  SCV  
  146  16:54  Command Center, Thor x4  
  148  16:55  Thor  
  148  16:56  Hellion x2  
  148  16:58  Hellion  
  148  16:59  Hellion  
  148  17:00  SCV  
  187  17:04  Orbital Command, SCV  
  187  17:08  SCV x2  
  190  17:09  SCV  
  190  17:12  SCV  
  192  17:25  SCV  
  192  17:28  Command Center  
  193  17:30  Missile Turret  
  193  17:37  Terran Vehicle And Ship Armor Level 2  
  193  17:40  Terran Ship Weapons Level 1  
  193  17:45  Starport  
  193  17:46  Starport  
  193  17:47  Starport  
  193  17:48  Raven  
  195  17:58  SCV  
  195  17:59  SCV x3  
  199  18:10  SCV  
  200  18:35  Missile Turret  
  200  18:36  Missile Turret x2  
  200  18:37  Missile Turret  
  200  18:49  Planetary Fortress  
  200  18:51  Orbital Command  
  200  18:56  Command Center  
  200  19:14  Command Center  
  176  19:27  Refinery  
  176  19:31  Refinery  
  170  19:34  Starport Reactor  
  170  19:35  Starport Tech Lab x2  
  170  19:38  Fusion Core, Terran Ship Weapons Level 2  
  171  19:52  SCV  
  171  19:53  SCV x3  
  174  20:00  SCV  
  174  20:05  SCV x3  
  178  20:07  Viking  
  178  20:08  Viking x2  
  178  20:13  Planetary Fortress  
  184  20:31  Viking x2  
  184  20:32  Command Center  
  178  20:38  Planetary Fortress  
  178  20:41  Battlecruiser x2  
  189  20:48  Battlecruiser  
  132  21:18  Missile Turret  
  132  21:19  Refinery  
  132  21:21  Refinery  
  132  21:23  Missile Turret x2  
  132  21:24  Missile Turret  
  132  21:25  Orbital Command, Viking x2  
  136  21:29  Orbital Command  
  136  21:35  Siege Tank x3  
  136  21:37  Siege Tank x2  
  136  21:39  Hellion  
  155  21:40  Hellion  
  155  21:42  Hellion  
  155  21:45  Battlecruiser x2  
  169  21:50  Orbital Command  
  169  21:53  Battlecruiser  
  166  22:01  SCV x2  
  166  22:02  SCV  
  168  22:13  SCV, Planetary Fortress  
  168  22:14  SCV x2  
  171  22:20  SCV  
  172  22:25  SCV  
  172  22:26  SCV x2  
  172  22:27  Terran Vehicle And Ship Armor Level 3  
  172  22:29  Terran Ship Weapons Level 3  
  175  22:32  SCV  
  175  22:33  Missile Turret x2  
  176  22:37  Missile Turret  
  176  22:38  SCV x3  
  180  22:44  SCV  
  180  22:50  SCV x3  
  183  22:56  SCV  
  184  23:01  Battlecruiser  
  171  23:51  Refinery  
  171  23:53  Starport Tech Lab  
  171  23:55  Weapon Refit  
  171  24:01  Command Center  
  171  24:03  Command Center  
  171  24:05  Battlecruiser  
  158  24:27  Battlecruiser  
  158  24:30  Siege Tank x4  
  158  24:31  Siege Tank, Hellion  
  179  24:32  Hellion x3  
  179  24:37  Orbital Command  
  170  24:54  Orbital Command  
  170  25:10  Battlecruiser  
  170  25:11  Siege Tank  
  170  25:12  Siege Tank x4  
  188  25:36  SCV  
  188  25:37  SCV x3  
  188  25:38  SCV  
  192  25:49  SCV  
  190  25:50  Battlecruiser  
  196  25:59  SCV x4  
  198  26:04  Command Center  
  198  26:20  SCV  
  199  26:37  Command Center  
  199  26:40  Missile Turret  
  199  26:43  Missile Turret  
  199  26:44  Missile Turret  
Show
View Real Time Build Order
Export as new Build Order

Golozo Protoss 

Build Orders: 1 Gate Expand, Phoenix Opening, Chargelot Immortal 

Get SALT Encoding   

  12  0:00  Probe  
  13  0:12  Probe  
  14  0:18  Pylon  
  14  0:25  Probe (Chrono Boost)  
  15  0:38  Probe (Chrono Boost)  
  15  0:39  Gateway  
  16  0:44  Probe (Chrono Boost)  
  17  0:50  Assimilator  
  17  0:53  Probe  
  18  1:05  Probe  
  19  1:17  Probe  
  20  1:24  Nexus  
  20  1:34  Cybernetics Core  
  20  1:35  Probe  
  21  1:46  Pylon  
  20  1:55  Assimilator  
  20  1:59  Probe (Chrono Boost)  
  21  2:10  Probe (Chrono Boost)  
  21  2:11  Stalker  
  21  2:12  Warp Gate  
  21  2:15  Probe (Chrono Boost)  
  25  2:25  Probe  
  26  2:31  Pylon  
  26  2:35  Gateway  
  26  2:37  Probe  
  26  2:38  Probe  
  28  2:51  Stargate  
  28  2:58  Shield Battery  
  28  2:59  Probe x2  
  29  3:18  Probe x2  
  31  3:22  Stalker (Chrono Boost)  
  35  3:27  Stalker (Chrono Boost)  
  35  3:30  Probe, Gateway  
  36  3:36  Phoenix (Chrono Boost)  
  38  3:43  Probe (Chrono Boost)  
  38  3:47  Probe (Chrono Boost)  
  40  3:50  Twilight Council  
  40  3:54  Probe (Chrono Boost)  
  42  3:57  Phoenix  
  42  3:58  Probe (Chrono Boost)  
  44  4:02  Assimilator  
  44  4:09  Zealot  
  46  4:10  Zealot  
  46  4:16  Probe, Gateway  
  49  4:18  Probe  
  49  4:27  Oracle (Chrono Boost)  
  47  4:43  Charge (Chrono Boost), Probe  
  47  4:44  Probe  
  49  4:55  Zealot x2  
  53  5:00  Pylon  
  53  5:17  Pylon  
  53  5:18  Phoenix (Chrono Boost)  
  53  5:19  Gateway  
  55  5:24  Forge, Probe x2  
  57  5:36  Zealot, Probe  
  57  5:38  Phoenix (Chrono Boost)  
  57  5:42  Probe  
  63  5:48  Zealot, Probe  
  66  5:51  Zealot  
  66  5:54  Probe  
  66  5:55  Protoss Ground Weapons Level 1 (Chrono Boost)  
  69  6:02  Robotics Facility  
  69  6:10  Photon Cannon  
  69  6:21  Pylon  
  69  6:31  Photon Cannon  
  69  6:39  Phoenix  
  71  6:43  Assimilator  
  71  6:49  Photon Cannon  
  71  6:50  Zealot  
  71  6:52  Observer  
  74  6:55  Nexus  
  74  6:58  Robotics Bay  
  74  7:35  Immortal (Chrono Boost)  
  74  7:43  Pylon  
  75  8:03  Protoss Ground Weapons Level 2 (Chrono Boost)  
  75  8:09  Immortal  
  79  8:23  Pylon  
  79  8:24  Probe (Chrono Boost)  
  79  8:25  Probe (Chrono Boost), Pylon  
  82  8:29  Probe (Chrono Boost)  
  82  8:30  Phoenix  
  86  8:34  Probe x2 (Chrono Boost)  
  86  8:38  Probe (Chrono Boost)  
  86  8:39  Robotics Facility  
  87  8:56  Nexus, Gateway  
  87  8:58  Shield Battery  
  87  9:02  Pylon  
  87  9:08  Immortal  
  91  9:19  Phoenix  
  93  9:35  Zealot x5  
  93  9:37  Immortal  
  107  9:40  Probe x3  
  110  9:48  Photon Cannon  
  110  9:51  Photon Cannon  
  110  9:52  Shield Battery, Probe x2  
  112  9:57  Gateway  
  112  9:58  Assimilator  
  112  10:01  Pylon  
  112  10:04  Colossus  
  112  10:05  Assimilator  
  118  10:07  Extended Thermal Lance (Chrono Boost)  
  118  10:14  Blink  
  118  10:19  Protoss Ground Weapons Level 3 (Chrono Boost), Observer  
  119  10:21  Probe (Chrono Boost)  
  119  10:26  Probe (Chrono Boost)  
  122  10:29  Probe (Chrono Boost)  
  72  11:17  Immortal x2  
  80  11:25  Nexus  
  80  11:27  Phoenix  
  80  11:28  Pylon  
  80  11:29  Pylon  
  80  11:32  Probe (Chrono Boost)  
  83  11:42  Probe (Chrono Boost)  
  83  11:43  Templar Archives  
  84  11:47  Probe (Chrono Boost)  
  84  11:49  Dark Shrine  
  84  11:50  Observer  
  84  11:52  Probe x2, Phoenix  
  89  11:54  Colossus x2 (Chrono Boost)  
  89  11:55  Shield Battery  
  89  11:59  Probe  
  102  12:04  Probe x2  
  104  12:11  Probe  
  105  12:29  High Templar  
  107  12:30  High Templar x2  
  107  12:31  High Templar  
  107  12:32  High Templar x2  
  107  12:34  Colossus (Chrono Boost)  
  107  12:35  Archon x2  
  107  12:36  Archon, Immortal (Chrono Boost)  
  117  12:40  Probe x4  
  131  12:51  Phoenix (Chrono Boost)  
  133  12:52  Probe (Chrono Boost)  
  133  12:54  Pylon  
  133  12:55  Probe x3 (Chrono Boost)  
  137  12:58  Protoss Air Weapons Level 1  
  137  13:05  Probe (Chrono Boost)  
  139  13:07  Zealot x5  
  139  13:08  Probe (Chrono Boost)  
  139  13:09  High Templar x2  
  139  13:10  Probe (Chrono Boost)  
  154  13:13  Archon  
  154  13:19  Immortal (Chrono Boost)  
  154  13:26  Nexus  
  158  13:29  Pylon  
  158  13:35  Robotics Facility  
  158  13:37  Pylon  
  158  13:42  Gateway  
  158  13:43  Immortal (Chrono Boost)  
  158  13:44  Gateway  
  158  13:48  Gateway  
  161  13:52  High Templar x2  
  161  13:53  Zealot x5  
  175  13:56  Archon  
  175  14:14  Pylon, Gateway  
  175  14:17  Photon Cannon  
  175  14:22  Photon Cannon  
  155  14:28  Zealot x6  
  86  14:48  Dark Templar x7  
  86  15:00  Dark Templar  
  86  15:02  Dark Templar  
  90  15:10  Probe x3  
  90  15:11  Probe x2  
  95  15:19  Gateway  
  95  15:22  Probe x2  
  95  15:23  Protoss Shields Level 1 (Chrono Boost)  
  91  15:35  Immortal x3 (Chrono Boost)  
  99  15:46  Zealot x10  
  113  15:54  Assimilator  
  113  15:56  Assimilator  
  113  15:58  Photon Cannon  
  113  16:02  Photon Cannon  
  113  16:03  Shield Battery  
  111  16:07  Observer (Chrono Boost), Immortal (Chrono Boost)  
  111  16:08  Observer (Chrono Boost)  
  111  16:09  Stalker x5  
  111  16:10  Stalker x3  
  133  16:26  Immortal (Chrono Boost)  
  133  16:28  Observer (Chrono Boost)  
  133  16:30  Zealot x3  
  144  16:37  Phoenix  
  146  16:58  Immortal x2  
  146  17:01  Immortal  
  158  17:03  Nexus  
  158  17:05  Pylon x2  
  158  17:10  Phoenix (Chrono Boost)  
  160  17:20  Pylon  
  160  17:22  Zealot x5  
  164  17:23  Zealot x6  
  164  17:25  Phoenix (Chrono Boost)  
  184  17:34  Shield Battery  
  184  17:36  Shield Battery  
  184  17:39  Photon Cannon  
  184  17:40  Photon Cannon  
  184  17:41  Photon Cannon, Pylon  
  184  17:44  Shield Battery  
  184  17:45  Photon Cannon, Pylon  
  184  17:47  Photon Cannon, High Templar x2  
  184  17:48  High Templar x2  
  184  17:49  Protoss Ground Armor Level 1, Pylon  
  192  17:51  Photon Cannon  
  192  17:53  Archon x2  
  192  17:56  Phoenix (Chrono Boost)  
  194  18:05  Immortal  
  198  18:08  Assimilator  
  198  18:13  Assimilator  
  198  18:22  Probe x2  
  198  18:23  Assimilator  
  198  18:24  Assimilator  
  156  19:29  Zealot x11  
  162  19:35  Immortal x3 (Chrono Boost)  
  174  19:56  Nexus  
  174  20:06  Immortal x2 (Chrono Boost)  
  171  20:21  Dark Templar x4, Shadow Stride (Chrono Boost)  
  171  20:22  Dark Templar x7  
  193  20:34  Immortal (Chrono Boost)  
  191  20:40  Immortal (Chrono Boost)  
  129  21:06  Dark Templar x5  
  129  21:07  Dark Templar x3  
  105  21:14  Protoss Shields Level 2  
  105  21:17  Zealot x3  
  115  21:26  Immortal (Chrono Boost)  
  115  21:31  Immortal (Chrono Boost)  
  115  21:32  Immortal (Chrono Boost)  
  123  21:44  Assimilator  
  123  22:01  Nexus  
  113  22:06  Zealot x3, Immortal (Chrono Boost)  
  113  22:07  Zealot x8, Immortal x2 (Chrono Boost)  
  141  22:19  Pylon  
  141  22:20  Pylon  
  141  22:34  Gateway x2  
  141  22:37  Gateway  
  141  22:39  Immortal  
  145  22:52  Dark Templar x5  
  145  22:53  Dark Templar x2  
  145  22:56  Zealot x4  
  153  23:26  Zealot x9  
  153  23:27  Zealot x2  
  111  23:54  Zealot x8  
  111  23:55  Zealot x6  
  137  24:03  Assimilator  
  127  24:20  Dark Templar  
  127  24:21  Dark Templar x7  
  127  24:22  Dark Templar x3  
  79  25:05  Probe (Chrono Boost)  
  80  25:07  Zealot x9  
  80  25:08  Zealot x5  
  80  25:13  Probe (Chrono Boost)  
  106  25:22  Probe (Chrono Boost)  
  106  25:23  Probe (Chrono Boost)  
  103  25:28  Probe (Chrono Boost)  
  103  25:29  Probe (Chrono Boost)  
  99  25:40  Probe  
  86  25:44  Zealot x4  
  86  25:54  Immortal x3  
  98  25:58  High Templar x5  
  98  25:59  High Templar x5  
  98  26:03  Archon x3  
  98  26:04  Archon  
  112  26:10  Archon  
  110  26:13  Zealot x4  
  113  26:31  Pylon  
  113  26:32  Pylon  
  113  26:33  Immortal  
  113  26:38  Observer  
  113  26:39  Nexus  
  118  26:42  Dark Templar x4  
  118  26:43  Dark Templar x4  
  118  26:46  Archon x3  
  134  26:48  Archon  
  134  26:49  Zealot x4  
  134  26:50  Zealot  
  144  27:02  Pylon  
  144  27:05  Pylon  
  117  27:37  Stalker x2  
  117  27:38  Stalker x6  
  117  27:39  Stalker x6  
Tags
 
Add a new tag
Caveats
  • Supply blocks, unpowered buildings, or Contaminate may cause inaccurate times.
  • Supply counts are checked every 10 seconds.